Map: Écho EC

Players

AgCl - Winner!

  • Race: Protoss Protoss

Jeddadiah

  • Race: Protoss Protoss

VOD

Have the link to the VOD?

Description

Time

  • Played on: May 24, 2015, 8:42 p.m.
  • Length: 15:08
Show
View Real Time Build Order
Export as new Build Order

AgCl Protoss - Winner!

Build Orders: Oracle Opening 

Get SALT Encoding   

  12  0:21  Pylon  
  12  0:23  Probe  
  13  0:28  Assimilator  
  14  0:35  Probe (Chrono Boost)  
  14  0:40  Gateway  
  14  0:47  Probe (Chrono Boost)  
  15  0:55  Probe (Chrono Boost)  
  16  1:07  Pylon  
  16  1:09  Probe  
  17  1:28  Zealot (Chrono Boost)  
  17  1:30  Probe  
  20  1:42  Probe  
  21  1:54  Probe  
  22  2:06  Probe (Chrono Boost)  
  23  2:10  Zealot (Chrono Boost)  
  25  2:18  Probe (Chrono Boost)  
  26  2:25  Cybernetics Core  
  26  2:26  Probe (Chrono Boost)  
  27  2:30  Assimilator  
  27  2:35  Probe  
  28  2:48  Probe  
  29  2:56  Nexus  
  29  3:04  Stargate  
  30  3:06  Warp Gate (Chrono Boost)  
  29  3:23  Mothership Core  
  29  3:32  Forge  
  29  3:41  Pylon  
  29  3:43  Pylon  
  29  3:44  Probe  
  30  3:59  Probe, Oracle (Chrono Boost)  
  34  4:11  Probe (Chrono Boost), Protoss Ground Weapons Level 1  
  34  4:14  Assimilator  
  34  4:16  Probe (Chrono Boost)  
  36  4:17  Assimilator  
  36  4:22  Probe (Chrono Boost)  
  38  4:27  Probe (Chrono Boost)  
  38  4:29  Probe (Chrono Boost)  
  39  4:36  Probe (Chrono Boost)  
  40  4:45  Probe (Chrono Boost)  
  41  4:47  Void Ray (Chrono Boost)  
  41  4:48  Probe (Chrono Boost)  
  46  4:53  Robotics Facility  
  46  4:56  Probe (Chrono Boost)  
  46  4:58  Probe  
  48  5:07  Probe  
  47  5:10  Probe  
  47  5:12  Pylon  
  49  5:30  Probe (Chrono Boost)  
  49  5:34  Gateway  
  49  5:35  Probe (Chrono Boost), Pylon  
  50  5:38  Pylon, Photon Cannon  
  50  5:41  Immortal (Chrono Boost)  
  55  5:43  Probe (Chrono Boost)  
  55  5:48  Probe (Chrono Boost)  
  57  5:51  Probe (Chrono Boost)  
  57  5:56  Pylon  
  58  5:58  Probe (Chrono Boost)  
  58  6:02  Probe (Chrono Boost)  
  59  6:08  Gateway  
  59  6:09  Gateway  
  59  6:11  Pylon  
  59  6:13  Observer (Chrono Boost)  
  59  6:18  Probe, Photon Cannon  
  61  6:20  Probe  
  62  6:30  Probe  
  62  6:32  Probe, Pylon  
  65  6:33  Observer (Chrono Boost)  
  65  6:40  Pylon  
  65  6:41  Gateway  
  65  6:45  Fleet Beacon  
  65  6:46  Protoss Air Weapons Level 1 (Chrono Boost)  
  66  6:53  Twilight Council, Probe  
  66  6:59  Immortal (Chrono Boost)  
  66  7:00  Probe  
  71  7:05  Probe  
  72  7:09  Carrier (Chrono Boost)  
  72  7:13  Probe  
  73  7:15  Photon Cannon  
  73  7:33  Nexus  
  81  7:37  Warp Prism (Chrono Boost)  
  81  7:40  Probe  
  81  7:42  Probe  
  83  7:52  Probe, Pylon  
  83  7:54  Probe  
  85  8:04  Graviton Catapult  
  85  8:13  Carrier (Chrono Boost)  
  85  8:15  Probe  
  85  8:18  Probe  
  87  8:27  Protoss Air Weapons Level 2, Assimilator  
  87  8:28  Assimilator  
  87  8:30  Pylon  
  93  8:36  Pylon, Stargate  
  93  8:38  Stargate  
  93  8:41  Pylon  
  93  8:57  Pylon  
  93  8:58  Protoss Ground Weapons Level 2 (Chrono Boost)  
  93  9:01  Dark Shrine  
  93  9:06  Carrier x2 (Chrono Boost)  
  90  9:10  Carrier (Chrono Boost)  
  108  9:33  Photon Cannon  
  108  9:41  Gateway  
  108  9:43  Gateway  
  108  9:46  Pylon  
  108  9:51  Probe  
  109  9:59  Gateway x2  
  109  10:02  Gateway  
  109  10:03  Robotics Bay  
  109  10:04  Pylon  
  109  10:05  Zealot  
  109  10:14  Charge (Chrono Boost)  
  109  10:16  Dark Templar x2  
  113  10:42  Carrier (Chrono Boost)  
  113  10:49  Pylon  
  113  10:52  Nexus  
  113  10:53  Protoss Air Weapons Level 3  
  113  10:54  Pylon  
  113  10:56  Dark Templar  
  115  11:02  Zealot  
  123  11:08  Carrier (Chrono Boost)  
  123  11:11  Pylon  
  123  11:14  Protoss Shields Level 1 (Chrono Boost), Zealot  
  127  11:33  Carrier (Chrono Boost)  
  125  11:40  Pylon  
  125  11:46  Observer Gravitic Boosters  
  126  11:54  Carrier (Chrono Boost)  
  130  12:07  Carrier (Chrono Boost)  
  136  12:30  Carrier (Chrono Boost)  
  136  12:31  Probe x2  
  136  12:32  Probe  
  136  12:34  Zealot x3  
  136  12:35  Zealot  
  136  12:36  Assimilator  
  147  12:38  Assimilator  
  147  12:42  Carrier (Chrono Boost)  
  147  12:43  Gravitic Drive  
  153  12:54  Photon Cannon  
  153  12:57  Carrier (Chrono Boost)  
  153  13:00  Pylon  
  155  13:19  Protoss Air Armor Level 1 (Chrono Boost)  
  157  13:38  Forge  
  157  13:41  Pylon  
  163  14:05  Assimilator  
  163  14:06  Nexus  
  163  14:09  Pylon  
  163  14:10  Zealot  
  163  14:11  Assimilator  
  163  14:15  Pylon  
Show
View Real Time Build Order
Export as new Build Order

Jeddadiah Protoss 

Build Orders: Cannon Rush 

Get SALT Encoding   

  12  0:01  Probe  
  13  0:14  Pylon  
  13  0:18  Probe  
  14  0:32  Probe (Chrono Boost)  
  15  0:40  Forge  
  16  0:43  Probe (Chrono Boost)  
  16  0:49  Probe (Chrono Boost)  
  17  1:05  Pylon  
  17  1:23  Photon Cannon  
  17  1:25  Photon Cannon  
  17  1:26  Photon Cannon  
  17  1:32  Pylon  
  17  1:38  Photon Cannon  
  17  2:00  Photon Cannon  
  15  2:13  Probe (Chrono Boost)  
  16  2:19  Photon Cannon  
  17  2:23  Gateway  
  17  2:24  Probe (Chrono Boost)  
  17  2:28  Pylon  
  17  2:31  Probe (Chrono Boost)  
  17  2:33  Assimilator  
  17  2:35  Assimilator  
  18  2:42  Probe (Chrono Boost)  
  19  3:00  Probe (Chrono Boost)  
  20  3:10  Cybernetics Core, Probe (Chrono Boost)  
  20  3:12  Zealot (Chrono Boost)  
  23  3:27  Gateway  
  23  3:30  Gateway  
  23  3:33  Gateway  
  23  3:35  Photon Cannon  
  23  3:39  Probe (Chrono Boost)  
  24  3:47  Sentry  
  24  3:48  Warp Gate (Chrono Boost)  
  27  3:49  Probe (Chrono Boost)  
  27  3:54  Twilight Council  
  27  3:56  Probe  
  28  4:08  Probe  
  29  4:34  Blink (Chrono Boost)  
  29  4:42  Pylon  
  29  4:44  Pylon  
  29  5:01  Mothership Core  
  24  5:27  Probe  
  25  5:39  Probe  
  26  5:48  Stalker x4  
  34  5:51  Probe  
  35  6:03  Probe (Chrono Boost)  
  36  6:11  Nexus  
  36  6:13  Stalker  
  36  6:15  Probe (Chrono Boost)  
  39  6:21  Stalker  
  39  6:22  Probe (Chrono Boost)  
  43  6:32  Probe  
  43  6:39  Stalker x2  
  46  6:52  Pylon  
  46  7:07  Probe  
  46  7:27  Probe (Chrono Boost)  
  46  7:28  Probe (Chrono Boost)  
  50  7:38  Probe x2 (Chrono Boost), Robotics Facility  
  50  7:44  Probe (Chrono Boost)  
  50  7:49  Probe (Chrono Boost)  
  50  7:51  Pylon  
  52  7:55  Probe (Chrono Boost)  
  54  7:59  Probe (Chrono Boost)  
  54  8:01  Probe  
  55  8:09  Probe  
  55  8:10  Stalker x3  
  55  8:11  Stalker  
  62  8:14  Probe  
  61  8:23  Probe  
  61  8:26  Probe  
  63  8:33  Assimilator  
  63  8:35  Probe, Assimilator  
  64  8:56  Stalker x3  
  70  9:18  Nexus  
  70  9:28  Zealot x2  
  70  9:29  Zealot  
  76  9:48  Pylon  
  76  9:49  Pylon  
  76  10:06  Immortal  
  80  10:07  Pylon  
  80  10:08  Pylon  
  80  10:10  Pylon  
  80  10:19  Robotics Bay  
  80  10:33  Probe (Chrono Boost)  
  80  10:34  Probe (Chrono Boost)  
  80  10:35  Probe (Chrono Boost)  
  83  10:41  Pylon  
  83  10:42  Photon Cannon  
  84  10:44  Probe x2 (Chrono Boost)  
  84  10:45  Probe (Chrono Boost)  
  84  10:49  Pylon  
  86  10:50  Probe (Chrono Boost)  
  84  10:59  Pylon  
  84  11:00  Observer (Chrono Boost)  
  85  11:06  Photon Cannon  
  85  11:07  Photon Cannon  
  82  11:33  Zealot x2  
  82  11:34  Zealot x2  
  82  11:36  Nexus  
  90  12:10  Probe x2  
  92  12:22  Probe  
  97  12:23  Probe  
  97  12:25  Disruptor (Chrono Boost)  
  98  12:32  Gateway  
  98  12:33  Gateway  
  98  12:34  Probe, Gateway  
  98  12:35  Probe, Pylon  
  100  12:38  Pylon  
  100  12:47  Probe x2  
  100  12:49  Stalker x2  
  100  12:50  Stalker x2  
  107  13:01  Probe (Chrono Boost)  
  107  13:05  Probe (Chrono Boost)  
  107  13:10  Probe (Chrono Boost)  
  108  13:15  Probe x2 (Chrono Boost)  
  108  13:18  Probe (Chrono Boost)  
  110  13:23  Probe  
  111  13:28  Probe  
  111  13:29  Probe  
  111  13:32  Pylon  
  113  13:35  Probe, Pylon  
  113  13:37  Pylon  
  113  13:41  Probe x2  
  115  13:47  Probe  
  117  13:51  Pylon  
  117  13:53  Probe x2  
  118  13:59  Probe  
  118  14:01  Zealot x5  
  118  14:02  Zealot x2  
  133  14:15  Assimilator  
  133  14:16  Robotics Facility, Assimilator  
  137  14:19  Disruptor (Chrono Boost)  
  137  14:25  Zealot x4  
  137  14:26  Zealot x3  
Tags
 
Add a new tag
Caveats
  • Supply blocks, unpowered buildings, or Contaminate may cause inaccurate times.
  • Supply counts are checked every 10 seconds.